Map: Ice and Chrome LE

Players

LUCIFER

  • Race: Zerg Zerg
  • League: Gold
  • Spawn Location: 1:00

WamBamTYCam - Winner!

  • Race: Zerg Zerg
  • League: Silver
  • Spawn Location: 7:00

VOD

Have the link to the VOD?

Description

Time

  • Played on: July 20, 2020, 2:13 p.m.
  • Length: 12:21
Show
View Real Time Build Order
Export as new Build Order

LUCIFER Zerg 

Build Orders: Hatch First 

Get SALT Encoding   

  12  0:01  Drone  
  13  0:17  Drone  
  14  0:43  Hatchery  
  14  0:48  Drone  
  14  0:57  Spawning Pool  
  14  0:58  Drone  
  14  1:24  Hatchery  
  13  1:30  Drone  
  14  1:40  Extractor  
  14  1:41  Drone  
  14  1:55  Zergling x6  
  14  1:57  Queen  
  19  2:11  Zergling x2  
  20  2:16  Overlord  
  20  2:24  Overlord  
  20  2:34  Queen  
  22  2:43  Metabolic Boost  
  23  2:51  Zergling x4  
  24  3:01  Zergling x2  
  24  3:02  Zergling x4  
  27  3:15  Zergling x2  
  27  3:16  Zergling x4  
  27  3:18  Zergling x2  
  31  3:29  Drone x3  
  34  3:35  Zergling x2  
  35  3:44  Zergling x2  
  35  3:45  Zergling x4  
  32  3:55  Zergling x6  
  34  4:02  Zergling x4  
  36  4:12  Zergling x2  
  36  4:13  Zergling x6  
  40  4:19  Overlord  
  40  4:24  Zergling x2  
  30  4:47  Roach Warren  
  29  5:00  Queen  
  31  5:11  Drone  
  31  5:12  Drone x6  
  38  5:35  Roach  
  40  5:36  Roach x3  
  46  5:44  Roach x2  
  50  5:52  Overlord  
  50  5:53  Overlord  
  35  6:42  Roach x8  
  45  6:51  Zergling x2  
  45  6:52  Zergling x20  
  56  7:13  Roach  
  56  7:14  Roach x2  
  54  7:22  Roach  
  56  7:23  Zergling x2  
  56  7:24  Zergling x10  
  50  7:47  Ravager  
  48  8:00  Extractor  
  48  8:01  Zergling x2  
  48  8:02  Zergling x26  
  54  8:23  Roach  
  54  8:24  Roach x3  
  51  8:59  Ravager  
  31  9:26  Roach x8  
  31  9:27  Zergling x2  
  31  9:28  Zergling x18  
  54  9:34  Evolution Chamber  
  53  9:46  Roach x2  
  53  9:57  Spine Crawler  
  53  9:59  Drone  
  53  10:04  Overlord  
  53  10:27  Lair  
  45  10:36  Roach  
  47  10:48  Roach x2  
  38  11:07  Roach  
  38  11:08  Roach x2  
  36  11:12  Zergling x2  
  36  11:13  Zergling x2  
  34  11:25  Roach x2  
  32  11:34  Roach  
  25  11:52  Roach  
  25  11:53  Roach x2  
  22  12:04  Ravager  
  22  12:07  Spine Crawler  
  22  12:10  Spine Crawler  
Show
View Real Time Build Order
Export as new Build Order

WamBamTYCam Zerg - Winner!

Build Orders: Hatch First 

Get SALT Encoding   

  12  0:01  Drone  
  13  0:12  Overlord  
  13  0:17  Drone  
  14  0:31  Drone x2  
  14  0:35  Drone  
  17  0:51  Extractor  
  17  0:56  Hatchery  
  15  1:06  Drone  
  15  1:07  Drone  
  17  1:17  Spawning Pool  
  16  1:19  Drone  
  17  1:25  Drone  
  18  1:35  Drone  
  19  1:40  Drone  
  20  1:51  Overlord  
  20  2:07  Zergling x2  
  21  2:09  Queen, Drone  
  21  2:12  Queen  
  26  2:17  Metabolic Boost, Drone  
  26  2:19  Drone  
  28  2:27  Zergling x2  
  29  2:30  Drone  
  30  2:47  Hatchery  
  30  2:48  Drone  
  30  2:49  Extractor  
  30  2:50  Baneling Nest  
  28  2:52  Zergling x2  
  29  2:58  Zergling x2  
  30  3:12  Zergling x2, Overlord  
  31  3:13  Zergling x4  
  33  3:23  Drone x3  
  36  3:30  Baneling Nest, Drone  
  36  3:32  Drone  
  37  3:46  Zergling x8  
  37  3:52  Baneling x3  
  37  4:03  Drone x2  
  37  4:05  Drone  
  37  4:06  Queen  
  42  4:16  Lair  
  42  4:19  Drone  
  42  4:21  Drone x2  
  42  4:23  Drone  
  44  4:34  Baneling x2  
  44  4:47  Drone x5  
  44  4:48  Spine Crawler  
  44  4:50  Overlord  
  44  4:51  Drone x2  
  50  5:08  Queen  
  50  5:10  Drone  
  50  5:12  Zergling x8  
  57  5:18  Drone  
  58  5:27  Roach Warren, Drone  
  58  5:28  Overlord  
  58  5:29  Evolution Chamber, Overlord x2  
  58  5:31  Drone  
  58  5:44  Pneumatized Carapace  
  58  5:47  Drone x3  
  61  6:01  Drone x2  
  61  6:02  Drone  
  61  6:03  Zergling x4  
  61  6:04  Zergling x10  
  68  6:05  Zergling x6  
  74  6:12  Glial Reconstitution  
  74  6:15  Drone x4  
  74  6:16  Drone x2  
  80  6:19  Extractor  
  80  6:20  Extractor  
  57  6:45  Zergling x2, Roach x9  
  57  6:46  Zergling x10  
  79  6:56  Centrifical Hooks  
  80  7:01  Queen, Drone  
  81  7:14  Baneling x4  
  66  7:34  Zergling x2  
  66  7:35  Zergling x8, Roach  
  66  7:36  Roach x7  
  81  7:39  Queen  
  81  7:43  Zergling x2  
  81  7:44  Zergling x6  
  80  7:49  Drone  
  79  7:57  Drone  
  79  7:58  Drone  
  77  8:10  Drone  
  70  8:21  Zergling x2  
  70  8:22  Zergling x12  
  70  8:33  Drone  
  67  8:36  Drone x3  
  67  8:41  Spine Crawler, Hatchery  
  63  8:42  Spine Crawler  
  63  8:45  Baneling x3  
  63  8:46  Baneling x3  
  61  8:49  Zergling x2  
  61  8:50  Zergling x12  
  64  9:08  Zergling x4  
  64  9:09  Zergling x14, Roach x2  
  76  9:10  Roach  
  75  9:26  Hatchery  
  75  9:30  Zergling x2  
  75  9:31  Overlord x3  
  68  9:53  Baneling x3  
  68  9:54  Baneling x4  
  68  9:56  Roach x5  
  78  10:13  Roach x2  
  78  10:14  Zergling x2, Roach  
  81  10:36  Ravager x3  
  81  10:37  Zergling x16  
  81  10:42  Drone  
  93  10:44  Queen  
  90  11:03  Infestation Pit  
  84  11:07  Evolution Chamber  
  84  11:08  Evolution Chamber  
  84  11:09  Drone x2  
  81  11:20  Queen  
  83  11:29  Zergling x14  
  83  11:30  Roach x6  
  101  11:45  Baneling x4  
  101  11:46  Baneling  
  100  11:50  Zergling x6  
  100  11:51  Roach  
  104  11:55  Overlord x3  
Tags
 
Add a new tag
Caveats
  • Supply blocks, unpowered buildings, or Contaminate may cause inaccurate times.
  • Supply counts are checked every 10 seconds.